| TOP OF THE 1ST |
|
Baltimore Orioles batting - Pitching for New York Yankees : RHP Leo Gonzales
|
|
Pitching: RHP Leo Gonzales
|
|
|
Batting: RHB Saimei Kudo
|
0-0: Called Strike 0-1: Called Strike 0-2: Ball 1-2: Ball 2-2: Ball 3-2: Base on Balls
|
|
Batting: LHB Jesus Lozano
|
0-0: Called Strike 0-1: Ball Saimei Kudo steals 2nd base 1-1: Ball 2-1: Ground out 6-3 (Groundball, 6S, EV 85.0 MPH) Saimei Kudo to third
|
|
Batting: RHB Rudo Garciaparra
|
0-0: Ball 1-0: Foul Ball, location: 2F 1-1: Ball 2-1: Foul Ball, location: 2F 2-2: Fly out, F8 (Flyball, 8LM, EV 83.8 MPH)
|
|
Batting: LHB Ernesto Cedillos
|
0-0: Called Strike 0-1: 2-RUN HOME RUN (Flyball, 7LD, EV 94.4 MPH), Distance : 327 ft
|
|
Batting: LHB Paul Diaz
|
0-0: Ball 1-0: Ball 2-0: Fly out, F8 (Flyball, 8RS, EV 81.2 MPH)
|
| Top of the 1st over - 2 runs, 1 hit, 0 errors, 0 left on base; Baltimore 2 - New York 0 |
| BOTTOM OF THE 1ST |
|
New York Yankees batting - Pitching for Baltimore Orioles : RHP Kevin Cushman
|
|
Pitching: RHP Kevin Cushman
|
|
|
Batting: LHB Jordan de Jesus
|
0-0: Ball 1-0: Ball 2-0: Ball 3-0: Ground out 6-3 (Groundball, 4MS, EV 79.4 MPH)
|
|
Batting: LHB Jason Peck
|
0-0: Fly out, F7 (Flyball, 78D, EV 80.6 MPH)
|
|
Batting: SHB Bartholomeu Chambino
|
0-0: Ball 1-0: Foul Ball, location: 2F 1-1: Foul Ball, location: 2F 1-2: Ground out U3 (Groundball, 3, EV 103.1 MPH)
|
| Bottom of the 1st over - 0 runs, 0 hits, 0 errors, 0 left on base; Baltimore 2 - New York 0 |
| TOP OF THE 2ND |
|
Baltimore Orioles batting - Pitching for New York Yankees : RHP Leo Gonzales
|
|
Batting: RHB Blake Ballard
|
0-0: Ball 1-0: Called Strike 1-1: Ball 2-1: SINGLE (Groundball, 4MD, EV 100.0 MPH)
|
|
Batting: LHB Brian Feher
|
0-0: 2-RUN HOME RUN (Flyball, 9D, EV 96.9 MPH), Distance : 363 ft
|
|
Batting: SHB Robert Handy
|
0-0: Swinging Strike 0-1: Foul Ball, location: 2F 0-2: Ball 1-2: Strikes out looking
|
|
Batting: LHB Bob Melley
|
0-0: Called Strike 0-1: Ball 1-1: Ball 2-1: Foul Ball, location: 2F 2-2: Ball 3-2: Base on Balls
|
|
Batting: RHB Saimei Kudo
|
Pickoff Play to 1st, Runner tries for 2nd, OUT after rundown. 0-0: Called Strike 0-1: Ball 1-1: Swinging Strike 1-2: Strikes out swinging
|
| Top of the 2nd over - 2 runs, 2 hits, 0 errors, 0 left on base; Baltimore 4 - New York 0 |
| BOTTOM OF THE 2ND |
|
New York Yankees batting - Pitching for Baltimore Orioles : RHP Kevin Cushman
|
|
Batting: LHB Evan Torraville
|
0-0: Called Strike 0-1: Ball 1-1: Called Strike 1-2: Foul Ball, location: 2F 1-2: Ball 2-2: Ball 3-2: Strikes out swinging
|
|
Batting: LHB David Bramble
|
0-0: Foul Ball, location: 2F 0-1: Ball 1-1: Ball 2-1: Ground out 4-3 (Groundball, 34D, EV 101.9 MPH)
|
|
Batting: RHB James Boynton
|
0-0: SOLO HOME RUN (Flyball, 7D, EV 98.1 MPH), Distance : 378 ft
|
|
Batting: RHB Jarrod Joyce
|
0-0: Ball 1-0: Called Strike 1-1: Ball 2-1: SINGLE (Line Drive, 4MD, EV 95.0 MPH)
|
|
Batting: LHB Kazuyoshi Nakamura
|
0-0: Called Strike 0-1: Ball 1-1: SINGLE (Groundball, 25, EV 72.5 MPH) (infield hit) Jarrod Joyce to second
|
|
Batting: LHB Brad Ritter
|
0-0: Ball 1-0: DOUBLE (Line Drive, 8RXD, EV 108.8 MPH) Jarrod Joyce scores Kazuyoshi Nakamura to third
|
|
Batting: LHB Jordan de Jesus
|
0-0: Ball 1-0: Called Strike 1-1: Ball 2-1: Foul Ball, location: 2F 2-2: Strikes out swinging
|
| Bottom of the 2nd over - 2 runs, 4 hits, 0 errors, 2 left on base; Baltimore 4 - New York 2 |
| TOP OF THE 3RD |
|
Baltimore Orioles batting - Pitching for New York Yankees : RHP Leo Gonzales
|
|
Batting: LHB Jesus Lozano
|
0-0: Ball 1-0: Called Strike 1-1: Fly out, F9 (Flyball, 9D, EV 97.5 MPH)
|
|
Batting: RHB Rudo Garciaparra
|
0-0: Called Strike 0-1: Called Strike 0-2: Foul Ball, location: 2F 0-2: Ball 1-2: Ball 2-2: Ground out 1-3 (Groundball, 13, EV 68.8 MPH)
|
|
Batting: LHB Ernesto Cedillos
|
0-0: Called Strike 0-1: Ball 1-1: Ball 2-1: Ground out 4-3 (Groundball, 4, EV 92.5 MPH)
|
| Top of the 3rd over - 0 runs, 0 hits, 0 errors, 0 left on base; Baltimore 4 - New York 2 |
| BOTTOM OF THE 3RD |
|
New York Yankees batting - Pitching for Baltimore Orioles : RHP Kevin Cushman
|
|
Batting: LHB Jason Peck
|
0-0: Foul Ball, location: 2F 0-1: Swinging Strike 0-2: Ball 1-2: SINGLE (Line Drive, 78S, EV 101.9 MPH)
|
|
Batting: SHB Bartholomeu Chambino
|
0-0: Ball 1-0: Ball 2-0: Foul Ball, location: 2F 2-1: Ball 3-1: SINGLE (Groundball, 34S, EV 65.6 MPH) (infield hit) Jason Peck to second
|
|
Batting: LHB Evan Torraville
|
0-0: Ball Jason Peck steals 3rd base (no throw) Bartholomeu Chambino to second 1-0: Ball 2-0: Foul Ball, location: 2F 2-1: Called Strike 2-2: Foul Ball, location: 2F 2-2: 3-RUN HOME RUN (Line Drive, 7LD, EV 98.1 MPH), Distance : 347 ft
|
|
Batting: LHB David Bramble
|
0-0: Ball 1-0: Fly out, F6 (Line Drive, 4D, EV 62.5 MPH)
|
|
Batting: RHB James Boynton
|
0-0: Called Strike 0-1: Called Strike 0-2: DOUBLE (Line Drive, 9LM, EV 104.4 MPH)
|
|
Batting: RHB Jarrod Joyce
|
0-0: Ball 1-0: Foul Ball, location: 2F 1-1: Ball 2-1: SINGLE (Groundball, 6MD, EV 95.6 MPH) James Boynton to third
|
|
Pitching: RHP Jay Rapini
|
|
|
Batting: LHB Kazuyoshi Nakamura
|
0-0: 3-RUN HOME RUN (Flyball, 9LD, EV 91.2 MPH), Distance : 334 ft
|
|
Batting: LHB Brad Ritter
|
0-0: Ball 1-0: Called Strike 1-1: Foul Ball, location: 2F 1-2: SINGLE (Flyball, 3D, EV 85.0 MPH)
|
|
Batting: LHB Jordan de Jesus
|
0-0: Ball 1-0: Ball 2-0: Called Strike 2-1: Ball 3-1: SINGLE (Line Drive, 56, EV 95.0 MPH) Brad Ritter to second
|
|
Batting: LHB Jason Peck
|
0-0: Called Strike 0-1: Ball 1-1: Ball 2-1: Fly out, F8 (Flyball, 8RD, EV 90.0 MPH)
|
|
Batting: SHB Bartholomeu Chambino
|
0-0: Called Strike 0-1: Called Strike 0-2: Ball 1-2: 3-RUN HOME RUN (Flyball, 9LD, EV 90.6 MPH), Distance : 326 ft
|
|
Pitching: LHP Eric Bice
|
|
|
Batting: LHB Evan Torraville
|
0-0: Fly out, F8 (Flyball, 8RS, EV 90.0 MPH)
|
| Bottom of the 3rd over - 9 runs, 9 hits, 0 errors, 0 left on base; Baltimore 4 - New York 11 |
| TOP OF THE 4TH |
|
Baltimore Orioles batting - Pitching for New York Yankees : RHP Leo Gonzales
|
|
Batting: LHB Paul Diaz
|
0-0: Called Strike 0-1: Called Strike 0-2: Ball 1-2: Strikes out swinging, 2-3 out at first.
|
|
Batting: RHB Blake Ballard
|
0-0: Ball 1-0: Ball 2-0: Ball 3-0: Base on Balls
|
|
Batting: LHB Brian Feher
|
0-0: Fly out, F9 (Flyball, 9D, EV 95.6 MPH)
|
|
Batting: SHB Robert Handy
|
0-0: Ball 1-0: Ball Blake Ballard steals 2nd base 2-0: Called Strike 2-1: Ball 3-1: Swinging Strike 3-2: Base on Balls
|
|
Batting: LHB Bob Melley
|
0-0: Ball 1-0: Ball 2-0: Swinging Strike 2-1: Ball 3-1: Foul Ball, location: 2F 3-2: Base on Balls Blake Ballard to third Robert Handy to second
|
|
Batting: RHB Saimei Kudo
|
0-0: Swinging Strike 0-1: Swinging Strike 0-2: Foul Ball, location: 2F 0-2: Strikes out swinging
|
| Top of the 4th over - 0 runs, 0 hits, 0 errors, 3 left on base; Baltimore 4 - New York 11 |
| BOTTOM OF THE 4TH |
|
New York Yankees batting - Pitching for Baltimore Orioles : LHP Eric Bice
|
|
Batting: LHB David Bramble
|
0-0: Ground out U3 (Groundball, 3, EV 88.1 MPH)
|
|
Batting: RHB James Boynton
|
0-0: Foul Ball, location: 2F 0-1: Ball 1-1: Foul Ball, location: 2F 1-2: Fly out, F9 (Line Drive, 89M, EV 104.4 MPH)
|
|
Batting: RHB Jarrod Joyce
|
0-0: Ball 1-0: Ball 2-0: Ball 3-0: Base on Balls
|
|
Batting: LHB Kazuyoshi Nakamura
|
0-0: Ball 1-0: Swinging Strike 1-1: Ball 2-1: Ground out 5-3 (Groundball, 25, EV 83.8 MPH)
|
| Bottom of the 4th over - 0 runs, 0 hits, 0 errors, 1 left on base; Baltimore 4 - New York 11 |
| TOP OF THE 5TH |
|
Baltimore Orioles batting - Pitching for New York Yankees : RHP Leo Gonzales
|
|
Batting: LHB Jesus Lozano
|
0-0: Fly out, F5 (Line Drive, 56, EV 71.9 MPH)
|
|
Batting: RHB Rudo Garciaparra
|
0-0: Ball 1-0: Foul Ball, location: 2F 1-1: Ground out 3-1 (Groundball, 34, EV 81.9 MPH)
|
|
Batting: LHB Ernesto Cedillos
|
0-0: Ball 1-0: Foul Ball, location: 2F 1-1: Called Strike 1-2: Ball 2-2: Ball 3-2: Strikes out swinging
|
| Top of the 5th over - 0 runs, 0 hits, 0 errors, 0 left on base; Baltimore 4 - New York 11 |
| BOTTOM OF THE 5TH |
|
New York Yankees batting - Pitching for Baltimore Orioles : LHP Eric Bice
|
|
Batting: LHB Brad Ritter
|
0-0: Ball 1-0: Ball 2-0: Ball 3-0: Base on Balls
|
|
Batting: LHB Jordan de Jesus
|
0-0: Fielders Choice at 2nd, 1-4 (Groundball, 15S, EV 70.6 MPH)
|
|
Batting: LHB Jason Peck
|
0-0: Ball 1-0: Ball 2-0: Ball 3-0: Base on Balls Jordan de Jesus to second
|
|
Batting: SHB Bartholomeu Chambino
|
0-0: Foul Ball, location: 2F 0-1: Ball 1-1: Swinging Strike 1-2: Ball 2-2: Foul Ball, location: 2F 2-2: Ball 3-2: Foul Ball, location: 2F 3-2: Base on Balls Jordan de Jesus to third Jason Peck to second
|
|
Batting: LHB Evan Torraville
|
0-0: Called Strike 0-1: Swinging Strike 0-2: Foul Ball, location: 2F 0-2: Strikes out looking
|
|
Batting: LHB David Bramble
|
0-0: Called Strike 0-1: Ball Passed Ball! Jordan de Jesus scores Jason Peck to third Bartholomeu Chambino to second 1-1: Foul Ball, location: 2F 1-2: Ball 2-2: Foul Ball, location: 2F 2-2: Foul Ball, location: 2F 2-2: Ball 3-2: Base on Balls
|
|
Batting: RHB James Boynton
|
0-0: Ball 1-0: Ball 2-0: GRAND SLAM HOME RUN (Flyball, 9D, EV 95.6 MPH), Distance : 373 ft
|
|
Batting: RHB Jarrod Joyce
|
0-0: Fly out, F8 (Flyball, 89D, EV 92.5 MPH)
|
| Bottom of the 5th over - 5 runs, 1 hit, 0 errors, 0 left on base; Baltimore 4 - New York 16 |
| TOP OF THE 6TH |
|
Baltimore Orioles batting - Pitching for New York Yankees : RHP Leo Gonzales
|
|
Now at C: Geni Prawiranega
|
|
|
Batting: LHB Paul Diaz
|
0-0: Foul Ball, location: 2F 0-1: Ball 1-1: Ball 2-1: Swinging Strike 2-2: Strikes out swinging
|
|
Batting: RHB Blake Ballard
|
0-0: Called Strike 0-1: Foul Ball, location: 2F 0-2: Ground out 6-3 (Groundball, 6S, EV 87.5 MPH)
|
|
Batting: LHB Brian Feher
|
0-0: SINGLE (Line Drive, 34D, EV 98.1 MPH)
|
|
Batting: SHB Robert Handy
|
0-0: Called Strike 0-1: Ball 1-1: Ball 2-1: SINGLE (Groundball, 56D, EV 95.6 MPH) Brian Feher to second Runner from 2nd tries for 3rd, OUT! 7-5
|
| Top of the 6th over - 0 runs, 2 hits, 0 errors, 1 left on base; Baltimore 4 - New York 16 |
| BOTTOM OF THE 6TH |
|
New York Yankees batting - Pitching for Baltimore Orioles : LHP Eric Bice
|
|
Pitching: RHP Terry Huffmaster
|
|
|
Batting: LHB Kazuyoshi Nakamura
|
0-0: Fly out, F9 (Line Drive, 9S, EV 91.2 MPH)
|
|
Batting: RHB Geni Prawiranega
|
0-0: Ball 1-0: Ball 2-0: Ball 3-0: Base on Balls
|
|
Batting: LHB Jordan de Jesus
|
0-0: Called Strike 0-1: Ball 1-1: Ball Wild Pitch! Geni Prawiranega to second 2-1: DOUBLE (Flyball, 8LD, EV 86.2 MPH) Geni Prawiranega scores
|
|
Batting: LHB Jason Peck
|
0-0: Ball 1-0: Ball 2-0: Ball 3-0: Foul Ball, location: 2F 3-1: Base on Balls
|
|
Batting: SHB Bartholomeu Chambino
|
0-0: Ball 1-0: Ball 2-0: Ball 3-0: Base on Balls Jordan de Jesus to third Jason Peck to second
|
|
Batting: LHB Evan Torraville
|
0-0: Ball 1-0: Ball 2-0: Foul Ball, location: 2F 2-1: SINGLE (Groundball, 34S, EV 62.5 MPH) (infield hit) Jordan de Jesus scores Jason Peck to third Bartholomeu Chambino to second
|
|
Batting: LHB David Bramble
|
0-0: Fly out, F8 (Flyball, 8LD, EV 94.4 MPH) Runner from 3rd tags up, OUT at HOME! 8-2
|
| Bottom of the 6th over - 2 runs, 2 hits, 0 errors, 2 left on base; Baltimore 4 - New York 18 |
| TOP OF THE 7TH |
|
Baltimore Orioles batting - Pitching for New York Yankees : RHP Leo Gonzales
|
|
Batting: LHB Bob Melley
|
0-0: Fly out, F8 (Flyball, 78M, EV 91.2 MPH)
|
|
Batting: RHB Saimei Kudo
|
0-0: Called Strike 0-1: Fly out, F3 (Flyball, 3D, EV 83.1 MPH)
|
|
Batting: LHB Jesus Lozano
|
0-0: Called Strike 0-1: Ball 1-1: Ball 2-1: Swinging Strike 2-2: Ball 3-2: Strikes out looking
|
| Top of the 7th over - 0 runs, 0 hits, 0 errors, 0 left on base; Baltimore 4 - New York 18 |
| BOTTOM OF THE 7TH |
|
New York Yankees batting - Pitching for Baltimore Orioles : RHP Terry Huffmaster
|
|
Batting: RHB James Boynton
|
0-0: Called Strike 0-1: Swinging Strike 0-2: Ball 1-2: Strikes out looking
|
|
Batting: RHB Jarrod Joyce
|
0-0: Ball 1-0: Swinging Strike 1-1: Ball 2-1: Fly out, F9 (Line Drive, 9, EV 85.6 MPH)
|
|
Batting: LHB Kazuyoshi Nakamura
|
0-0: Ball 1-0: Called Strike 1-1: Foul Ball, location: 2F 1-2: Strikes out swinging
|
| Bottom of the 7th over - 0 runs, 0 hits, 0 errors, 0 left on base; Baltimore 4 - New York 18 |
| TOP OF THE 8TH |
|
Baltimore Orioles batting - Pitching for New York Yankees : RHP Leo Gonzales
|
|
Pitching: RHP Bao-qing Bu
|
|
|
Batting: RHB Rudo Garciaparra
|
0-0: Ball 1-0: Ball 2-0: Ball 3-0: Base on Balls
|
|
Batting: LHB Ernesto Cedillos
|
0-0: Ball 1-0: Ball 2-0: Ball 3-0: Called Strike 3-1: Foul Ball, location: 2F 3-2: Base on Balls Rudo Garciaparra to second
|
|
Batting: LHB Paul Diaz
|
0-0: Ball 1-0: Ball 2-0: Grounds into double play, 6-4-3 (Groundball, 6, EV 93.8 MPH) Rudo Garciaparra to third
|
|
Batting: RHB Blake Ballard
|
0-0: Foul Ball, location: 2F 0-1: SINGLE (Groundball, 4S, EV 67.5 MPH) (infield hit) Rudo Garciaparra scores
|
|
Batting: LHB Brian Feher
|
0-0: Called Strike 0-1: Ball 1-1: Ball 2-1: Ball 3-1: Foul Ball, location: 2F 3-2: Base on Balls Blake Ballard to second
|
|
Batting: SHB Robert Handy
|
0-0: Ball 1-0: Called Strike 1-1: Foul Ball, location: 2F 1-2: Ball 2-2: Fly out, F9 (Flyball, 89M, EV 90.6 MPH)
|
| Top of the 8th over - 1 run, 1 hit, 0 errors, 2 left on base; Baltimore 5 - New York 18 |
| BOTTOM OF THE 8TH |
|
New York Yankees batting - Pitching for Baltimore Orioles : RHP Terry Huffmaster
|
|
Batting: RHB Geni Prawiranega
|
0-0: Called Strike 0-1: Ball 1-1: Ball 2-1: SINGLE (Line Drive, 56D, EV 100.0 MPH)
|
|
Pitching: LHP Jamie Tanner
|
|
|
Batting: LHB Jordan de Jesus
|
0-0: Ball 1-0: Fielders Choice at 2nd, 3-6 (Groundball, 3, EV 80.6 MPH)
|
|
Batting: LHB Jason Peck
|
0-0: Fly out, F8 (Flyball, 89D, EV 90.0 MPH)
|
|
Batting: SHB Bartholomeu Chambino
|
0-0: SINGLE (Groundball, 56D, EV 98.8 MPH) Jordan de Jesus to second Runner from 2nd tries for 3rd, SAFE, throw by LF made to third Bartholomeu Chambino to second
|
|
Batting: LHB Evan Torraville
|
0-0: Ball 1-0: Fly out, F4 (Popup, 34, EV 67.5 MPH)
|
| Bottom of the 8th over - 0 runs, 2 hits, 0 errors, 2 left on base; Baltimore 5 - New York 18 |
| TOP OF THE 9TH |
|
Baltimore Orioles batting - Pitching for New York Yankees : RHP Bao-qing Bu
|
|
Batting: LHB Bob Melley
|
0-0: Ball 1-0: Called Strike 1-1: Foul Ball, location: 2F 1-2: Strikes out swinging
|
|
Batting: RHB Saimei Kudo
|
0-0: Ball 1-0: Ball 2-0: Ball 3-0: Called Strike 3-1: SINGLE (Groundball, 6MD, EV 111.9 MPH)
|
|
Batting: LHB Jesus Lozano
|
0-0: Ball 1-0: SINGLE (Line Drive, 9S, EV 95.0 MPH) Saimei Kudo to second
|
|
Batting: RHB Rudo Garciaparra
|
0-0: Ball 1-0: Foul Ball, location: 2F 1-1: Ball 2-1: Swinging Strike 2-2: Foul Ball, location: 2F 2-2: Ball Wild Pitch! Saimei Kudo to third Jesus Lozano to second 3-2: Base on Balls
|
|
Batting: LHB Ernesto Cedillos
|
0-0: Ball 1-0: Called Strike 1-1: Ball 2-1: Called Strike 2-2: Ball 3-2: Foul Ball, location: 2F 3-2: Foul Ball, location: 2F 3-2: Grounds into double play, 2-3 (Groundball, 15S, EV 68.8 MPH)
|
| Top of the 9th over - 0 runs, 2 hits, 0 errors, 2 left on base; Baltimore 5 - New York 18 |
|